 Dungeon Sprint DCSS version 0.29-a0-337-g68df138881 (webtiles) character file.

Game seed: 11498973679813041123

61184 mhtbhm the Shatterer (level 15, 0/118 HPs)
             Began as a Gargoyle Berserker on Apr 16, 2022.
             Was the Champion of Trog.
             Killed from afar by an ironbound thunderhulk (18 damage)
             ... with a bolt of lightning
             ... in the Dungeon (Sprint IX: "|||||||||||||||||||||||||||||").
             The game lasted 00:14:35 (4907 turns).

mhtbhm the Shatterer (Gargoyle Berserker)           Turns: 4907, Time: 00:14:36

Health: 0/118      AC: 15    Str: 29    XL:     15   Next: 2%
Magic:  15/15      EV: 16    Int: 10    God:    Trog [******]
Gold:   326        SH: 22    Dex: 13    Spells: 14/14 levels left

rFire   x . .      SeeInvis .   a - +4 morningstar (vamp)
rCold   + . .      Faith    .   c - +1 tower shield {rN+}
rNeg    + + .      Spirit   .   b - +4 ring mail of the Fortifying Gods {*Slow Dex+4 Slay+5}
rPois   ∞          Reflect  .   k - +1 helmet
rElec   +          Harm     .   l - +0 cloak
rCorr   .          Rampage  .   v - +0 pair of gloves
Will    +....      NoTele   +   w - +0 pair of boots
Stlth   +.........              y - amulet of regeneration
HPRegen 1.09/turn               m - +3 ring of strength
MPRegen 0.14/turn               H - ring of ice

@: marked, corroded, on berserk cooldown, flying, slowed, very slow
A: sickness immunity, AC +11, big wings, negative energy resistance 1,
electricity resistance, torment resistance 1, petrification resistance
a: Renounce Religion, Berserk, Trog's Hand, Brothers in Arms


You were in the Dungeon.
You worshipped Trog.
Trog was exalted by your worship.
You visited 1 branch You collected 1932 gold pieces.
You spent 1606 gold pieces at shops.

Inventory:

Hand Weapons
 a - a +4 vampiric morningstar (weapon)
 q - a +4 demon whip of flaming
 M - the +10 morningstar "Relepsupt" {vorpal, rF+ Will+ SInv}
   (Trog gifted it to you in the Dungeon)

   It inflicts extra damage upon your enemies.
   rF:        It protects you from fire.
   SInv:      It lets you see invisible.
   Will:      It increases your willpower.
Missiles
 o - 2 silver javelins (quivered)
 u - 4 poisoned darts
Armour
 b - the +4 ring mail of the Fortifying Gods (worn) {*Slow Dex+4 Slay+5}
   (You found it in the Dungeon)

   Dex:       It affects your dexterity (+4).
   Slay:      It affects your accuracy & damage with ranged weapons and melee
   (+5).
   *Slow:     It may slow you when you take damage.
 c - a +1 tower shield of positive energy (worn)
 k - a +1 helmet (worn)
 l - a +0 cloak (worn)
 v - a +0 pair of gloves (worn)
 w - a +0 pair of boots (worn)
Jewellery
 m - a +3 ring of strength (left hand)
 n - a +3 ring of strength
 s - a ring of resist corrosion
 y - an amulet of regeneration (around neck)
 A - a +4 ring of evasion
 G - a ring of willpower
 H - a ring of ice (right hand)
 I - a ring of fire
 J - a ring of ice
Wands
 j - a wand of acid (5)
 t - a wand of polymorph (8)
 D - a wand of flame (8)
 L - a wand of charming (10)
Scrolls
 h - 2 scrolls of blinking
 r - 2 scrolls of holy word
 x - a scroll of enchant armour
 z - 3 scrolls of magic mapping
 B - a scroll of silence
 C - 2 scrolls of identify
Potions
 d - a potion of invisibility
 e - 3 potions of haste
 f - 4 potions of magic
 g - 2 potions of berserk rage
 i - 2 potions of heal wounds
 p - 2 potions of resistance
 E - a potion of might
 F - a potion of cancellation
 K - 8 potions of curing


   Skills:
 + Level 22.7 Fighting
 + Level 23.3 Maces & Flails
 + Level 2.8 Throwing
 + Level 15.1 Armour
 + Level 13.4 Dodging
 + Level 2.8 Stealth
 * Level 20.3 Shields
 + Level 3.7 Unarmed Combat
 + Level 3.3 Evocations


You had 14 spell levels left.
You didn't know any spells.
Your spell library was empty.

Dungeon Overview and Level Annotations

Branches:
Dungeon (1/1)

Altars:
Cheibriados
Dithmenos
Elyvilon
Fedhas
Gozag
Hepliaklqana
Kikubaaqudgha
Makhleb
Nemelex Xobeh
Okawaru
Qazlal
Ru
Sif Muna
Trog
Uskayaw
Vehumet
Wu Jian
Xom
Yredelemnul
Zin
The Shining One
Beogh
Jiyva
Lugonu

Shops:
D ?*[=


Innate Abilities, Weirdness & Mutations

You are immune to sickness and miasma.
Your stone body is resilient. (AC +11)
You are immune to poison.
Your large and strong wings let you fly.
You resist negative energy. (rN+)
You are resistant to electric shocks. (rElec)
You are resistant to unholy torment.
You are immune to petrification.


Message History

Electricity crackles from the ironbound thunderhulk's apparatus.
The bolt of lightning misses you.
You hit the boulder beetle but do no damage.
The boulder beetle is moderately wounded.
You block the boulder beetle's attack. The dire elephant tramples you!!
You hold your ground!
You block the dire elephant's attack.
Unknown command.
You hit the boulder beetle.
The boulder beetle is heavily wounded.
The dire elephant's soul is no longer bound.
You block the boulder beetle's attack.
You block the dire elephant's attack. x2
A vault sentinel comes into view. It is wielding a +0 long sword.
The necromancer gestures wildly while chanting.
The necromancer binds the souls of nearby monsters.
The boulder beetle bites you but does no damage.
You hit the boulder beetle but do no damage.
The boulder beetle is heavily wounded.
The ironbound thunderhulk's soul is no longer bound.
The dire elephant tramples you!
You hold your ground!
You block the dire elephant's attack.
The vault sentinel blows a loud note on a signal horn!
Electricity crackles from the ironbound thunderhulk's apparatus.
The bolt of lightning hits you! You resist.
You block the boulder beetle's attack.
Unknown command.
You feel a sense of dread.
a - a +4 vampiric morningstar (weapon)
The necromancer casts a spell.
The necromancer binds the souls of nearby monsters.
You block the dire elephant's attack. x2
The ironbound convoker gestures at the necromancer while chanting.
You hit the boulder beetle but do no damage.
The boulder beetle is heavily wounded.
You block the boulder beetle's attack. The dire elephant tramples you!!
* * * LOW HITPOINT WARNING * * *
You hold your ground!
The dire elephant misses you.
The vault sentinel blows a loud note on a signal horn!
Electricity crackles from the ironbound thunderhulk's apparatus.
The bolt of lightning hits you!! You resist.
You die...

))†)..[[[[[...)[...÷)')).........
▓▓▓▓▓▓▓▓▓▓▓▓▓▓▓▓▓▓▓▓▓▓▓▓▓▓▓▓▓▓▓▓▓
.................p.†..)..........
▓▓▓▓▓▓▓▓▓▓▓▓▓▓▓▓▓▓▓▓▓▓▓▓♣♣♣♣♣♣♣♣♣
....').)).))))'....)..)†[†.......
▓▓▓▓▓▓▓▓▓▓▓▓▓▓▓▓▓▓▓▓▓▓▓▓♣♣♣♣♣♣♣♣♣
...............)......))..)......
▓▓▓▓▓▓▓▓▓▓▓▓▓▓▓▓▓▓▓▓▓▓▓▓▓▓▓▓▓▓▓▓▓
........)).....B@YYp§pOp.pp
▓▓▓▓▓▓▓▓▓▓▓▓▓▓▓▓▓▓▓▓▓▓▓▓▓▓▓


You could see 2 dire elephants, an ironbound thunderhulk (soul bound, strong), a
boulder beetle (soul bound), a vault sentinel (soul bound, catching breath), an
ironbound convoker (soul bound) and a necromancer.

Vanquished Creatures
  A lich (D)
  Kirke (D)
  A thorn hunter (D)
  A shadow dragon (D)
  A fenstrider witch (D)
  A fire giant (D)
  A ghost moth (D)
  A frost giant (D)
  An ironbound preserver (D)
  2 very ugly things (D)
  A stone giant (D)
  Nessos (D)
  Azrael (D)
  3 entropy weavers (D)
  2 spark wasps (D)
  2 eleionomae (D)
  An ettin (D)
  A yaktaur captain (D)
  2 rakshasas (D)
  Josephine (D)
  A merfolk javelineer (D)
  4 ice dragons (D)
  A boulder beetle (D)
  3 ogre magi (D)
  A spriggan air mage (D)
  4 hydras (D)
  Erica (D)
  A death knight (D)
  A centaur warrior (D)
  A two-headed ogre (D)
  A merfolk avatar (D)
  A deep troll earth mage (D)
  A naga warrior (D)
  An alligator (D)
  2 tengu warriors (D)
  2 hell knights (D)
  A naga sharpshooter (D)
  Nergalle (D)
  A pharaoh ant (D)
  2 steelbarb worms (D)
  2 naga ritualists (D)
  2 wizards (D)
  2 bog bodies (D)
  A deep elf pyromancer (D)
  An orc knight (D)
  3 manticores (D)
  2 ugly things (D)
  A will-o-the-wisp (D)
  3 merfolk sirens (D)
  A cyclops (D)
  An orc sorcerer (D)
  2 elephants (D)
  3 black mambas (D)
  A guardian serpent (D)
  A naga mage (D)
  2 vault sentinels (D)
  3 cane toads (D)
  An efreet (D)
  A demonic crawler (D)
  An unseen horror (D)
  A yaktaur (D)
  2 merfolk (D)
  A tengu conjurer (D)
  2 trolls (D)
  5 polar bears (D)
  A tarantella (D)
  2 blink frogs (D)
  A yak (D)
  A spriggan (shapeshifter) (D)
  5 wraiths (D)
  A vampire (D)
  4 fire elementals (D)
  2 hogs (D)
  Grum (D)
  A vampire mosquito (D)
  3 water moccasins (D)
  9 orc warriors (D)
  4 black bears (D)
  5 ogres (D)
  5 wolves (D)
  A kobold brigand (D)
  2 bullfrogs (D)
  A scorpion (D)
  A killer bee (D)
  A hound (D)
  3 orc priests (D)
  An iguana (D)
  An orc wizard (D)
  An adder (D)
  11 orcs (D)
  An endoplasm (D)
  2 giant cockroaches (D)
  A goblin (D)
  A ball python (D)
175 creatures vanquished.

Vanquished Creatures (collateral kills)
  A very ugly thing (D)
  A peacekeeper (D)
  A boulder beetle (D)
  A two-headed ogre (D)
  3 ogres (D)
7 creatures vanquished.

Vanquished Creatures (others)
  2 foxfires (D)
2 creatures vanquished.

Grand Total: 184 creatures vanquished

Notes
Turn   | Place    | Note
-------+----------+-------------------------------------------
     0 | D        | mhtbhm the Gargoyle Berserker began the quest for the Orb.
     0 | D        | Reached XP level 1. HP: 14/14 MP: 1/1
    12 | D        | Reached ** piety under Trog
   132 | D        | Noticed a scorpion
   132 | D        | Noticed a hound
   132 | D        | Noticed an iguana
   136 | D        | Killed a scorpion
   137 | D        | Reached skill level 5 in Fighting
   137 | D        | Reached skill level 5 in Maces & Flails
   137 | D        | Reached XP level 2. HP: 22/22 MP: 2/2
   137 | D        | Reached XP level 3. HP: 27/27 MP: 3/3
   137 | D        | Reached XP level 4. HP: 32/32 MP: 4/4
   139 | D        | Reached *** piety under Trog
   140 | D        | Reached skill level 6 in Maces & Flails
   160 | D        | Reached skill level 7 in Maces & Flails
   160 | D        | Reached XP level 5. HP: 18/38 MP: 5/5
   195 | D        | Found a snail-covered altar of Cheibriados.
   195 | D        | Found a shadowy altar of Dithmenos.
   195 | D        | Found a white marble altar of Elyvilon.
   195 | D        | Found a blossoming altar of Fedhas.
   195 | D        | Found an opulent altar of Gozag.
   196 | D        | Found a hazy altar of Hepliaklqana.
   197 | D        | Found a viscous altar of Jiyva.
   198 | D        | Found an ancient bone altar of Kikubaaqudgha.
   199 | D        | Found a corrupted altar of Lugonu.
   200 | D        | Found a burning altar of Makhleb.
   201 | D        | Found a sparkling altar of Nemelex Xobeh.
   202 | D        | Found an iron altar of Okawaru.
   203 | D        | Found a stormy altar of Qazlal.
   204 | D        | Found a sacrificial altar of Ru.
   205 | D        | Found a shimmering blue altar of Sif Muna.
   206 | D        | Found a bloodstained altar of Trog.
   207 | D        | Found a hide-covered altar of Uskayaw.
   208 | D        | Found a radiant altar of Vehumet.
   209 | D        | Found an ornate altar of the Wu Jian Council.
   210 | D        | Found a shimmering altar of Xom.
   211 | D        | Found a basalt altar of Yredelemnul.
   212 | D        | Found a glowing silver altar of Zin.
   213 | D        | Found a glowing golden altar of the Shining One.
   348 | D        | Noticed a vampire mosquito
   348 | D        | Noticed a vampire
   348 | D        | Noticed a kobold brigand
   348 | D        | Noticed a yak
   348 | D        | Noticed a wraith
   350 | D        | Killed a vampire mosquito
   350 | D        | Reached **** piety under Trog
   351 | D        | Reached skill level 8 in Maces & Flails
   351 | D        | Reached XP level 6. HP: 45/45 MP: 6/6
   353 | D        | Killed a vampire
   354 | D        | Reached skill level 9 in Maces & Flails
   354 | D        | Reached skill level 5 in Armour
   357 | D        | Reached skill level 10 in Maces & Flails
   357 | D        | Reached XP level 7. HP: 52/52 MP: 7/7
   360 | D        | Killed a yak
   361 | D        | Reached skill level 10 in Fighting
   361 | D        | Reached skill level 5 in Dodging
   366 | D        | Killed a wraith
   366 | D        | Reached ***** piety under Trog
   367 | D        | Reached skill level 11 in Maces & Flails
   420 | D        | Noticed a purple ugly thing
   420 | D        | Noticed a troll
   420 | D        | Noticed a deep elf pyromancer
   420 | D        | Noticed an efreet
   420 | D        | Noticed a troll
   425 | D        | Killed an unseen horror
   426 | D        | Reached skill level 12 in Maces & Flails
   426 | D        | Reached XP level 8. HP: 60/60 MP: 8/8
   431 | D        | Killed a deep elf pyromancer
   432 | D        | Reached skill level 13 in Maces & Flails
   432 | D        | Killed a purple ugly thing
   433 | D        | Reached XP level 9. HP: 66/66 MP: 9/9
   436 | D        | Killed a troll
   436 | D        | Identified the +5 great mace of Optimality {flame, rPois
                  | rC+ Will+ Dex+3} (Trog gifted it to you in the Dungeon)
   436 | D        | Received a gift from Trog
   437 | D        | Reached skill level 14 in Maces & Flails
   440 | D        | Killed an efreet
   445 | D        | Killed a troll
   816 | D        | Noticed a four-headed hydra
   816 | D        | Noticed a cane toad
   820 | D        | Noticed a six-headed hydra
   822 | D        | Reached skill level 1 in Evocations
   824 | D        | Killed a four-headed hydra
   825 | D        | Reached skill level 15 in Maces & Flails
   825 | D        | Killed a cane toad
   826 | D        | Reached XP level 10. HP: 74/74 MP: 10/10
   837 | D        | Killed a six-headed hydra
   842 | D        | Reached skill level 16 in Maces & Flails
   843 | D        | Reached ****** piety under Trog
   843 | D        | Received a gift from Trog
  1036 | D        | Noticed a cane toad
  1036 | D        | Noticed an elephant
  1036 | D        | Noticed an elephant
  1036 | D        | Noticed a cane toad
  1045 | D        | Killed a cane toad
  1052 | D        | Killed an elephant
  1053 | D        | Reached skill level 10 in Armour
  1059 | D        | Noticed a boulder beetle
  1063 | D        | Killed an elephant
  1065 | D        | Killed a cane toad
  1066 | D        | Reached skill level 17 in Maces & Flails
  1066 | D        | Reached skill level 1 in Throwing
  1066 | D        | Received a gift from Trog
  1073 | D        | Reached skill level 15 in Fighting
  1298 | D        | Killed a boulder beetle
  1299 | D        | Reached XP level 11. HP: 65/81 MP: 11/11
  1396 | D        | Received a gift from Trog
  1397 | D        | Reached skill level 18 in Maces & Flails
  1634 | D        | Noticed Erica
  1637 | D        | Noticed Josephine
  1654 | D        | Killed Josephine
  1656 | D        | Killed Erica
  1658 | D        | Received a gift from Trog
  1978 | D        | Reached skill level 19 in Maces & Flails
  1988 | D        | Received a gift from Trog
  2162 | D        | Noticed an orc knight
  2162 | D        | Noticed an orc sorcerer
  2171 | D        | Killed an orc knight
  2171 | D        | Identified the +7 glaive of Yqok Baf {vorpal, rElec Str+7
                  | Int-4 Dex-3} (Trog gifted it to you in the Dungeon)
  2171 | D        | Received a gift from Trog
  2176 | D        | Killed an orc sorcerer
  2177 | D        | Reached skill level 1 in Stealth
  2196 | D        | Received a gift from Trog
  2485 | D        | Found Ogir's Magic Scroll Emporium.
  2485 | D        | Noticed a two-headed ogre
  2485 | D        | Noticed an ogre mage
  2487 | D        | Noticed an ogre mage
  2489 | D        | Killed a two-headed ogre
  2503 | D        | Noticed a two-headed ogre
  2505 | D        | Killed an ogre mage
  2505 | D        | Received a gift from Trog
  2506 | D        | Reached skill level 20 in Maces & Flails
  2506 | D        | Reached XP level 12. HP: 91/91 MP: 12/12
  2506 | D        | Found Supof's Assorted Antiques.
  2511 | D        | Killed an ogre mage
  2515 | D        | Found Qevvi's Armour Emporium.
  2524 | D        | Killed a two-headed ogre
  2528 | D        | Received a gift from Trog
  2674 | D        | Found Qeaweiq's Jewellery Shoppe.
  2679 | D        | Noticed an ogre mage
  2687 | D        | Killed an ogre mage
  2812 | D        | Bought 2 scrolls of holy word for 180 gold pieces
  2812 | D        | Bought a scroll of enchant armour for 90 gold pieces
  2812 | D        | Bought a scroll of blinking for 90 gold pieces
  2824 | D        | Bought a scroll of identify for 24 gold pieces
  2830 | D        | Bought an amulet of regeneration for 330 gold pieces
  2841 | D        | Bought a scroll labelled GUEXOE UVYN for 28 gold pieces
  2841 | D        | Bought a knobbly ruby ring for 140 gold pieces
  2841 | D        | Bought a scroll labelled XACZEEMY INAU for 28 gold pieces
  2841 | D        | Bought a marble ring for 140 gold pieces
  2841 | D        | Bought a jewelled iron wand for 112 gold pieces
  2841 | D        | Bought a puce potion for 25 gold pieces
  2841 | D        | Bought an orange potion for 25 gold pieces
  2872 | D        | Bought a ring of resist corrosion for 220 gold pieces
  2878 | D        | Bought 3 scrolls of magic mapping for 126 gold pieces
  2878 | D        | Bought a scroll of identify for 24 gold pieces
  2878 | D        | Bought a scroll of identify for 24 gold pieces
  2953 | D        | Noticed Grum
  2967 | D        | Killed Grum
  3092 | D        | Got the +4 ring mail of the Fortifying Gods {*Slow Dex+4
                  | Slay+5}
  3120 | D        | Noticed an eight-headed hydra
  3120 | D        | Noticed a centaur warrior
  3120 | D        | Noticed a death knight
  3123 | D        | Killed an eight-headed hydra
  3123 | D        | Received a gift from Trog
  3129 | D        | Killed a centaur warrior
  3130 | D        | Noticed a white very ugly thing
  3132 | D        | Reached skill level 10 in Dodging
  3134 | D        | Noticed a red very ugly thing
  3135 | D        | Killed a death knight
  3135 | D        | Noticed an ice dragon
  3136 | D        | Reached skill level 21 in Maces & Flails
  3144 | D        | Killed a white very ugly thing
  3145 | D        | Reached skill level 1 in Shields
  3157 | D        | Killed a white very ugly thing
  3203 | D        | Received a gift from Trog
  3288 | D        | Noticed a fire giant
  3299 | D        | Killed an ice dragon
  3305 | D        | Noticed a spark wasp
  3308 | D        | Killed a fire giant
  3316 | D        | Killed a spark wasp
  3317 | D        | Reached XP level 13. HP: 59/101 MP: 13/13
  3347 | D        | Noticed an ice dragon
  3380 | D        | Killed an ice dragon
  3380 | D        | Received a gift from Trog
  3527 | D        | Noticed Nessos
  3546 | D        | Killed Nessos
  3620 | D        | Noticed Kirke
  3622 | D        | Received a gift from Trog
  3640 | D        | Killed Kirke
  3641 | D        | Reached skill level 5 in Shields
  3641 | D        | Reached skill level 1 in Unarmed Combat
  3789 | D        | Received a gift from Trog
  3942 | D        | Noticed a merfolk javelineer
  3949 | D        | Reached skill level 22 in Maces & Flails
  3956 | D        | Received a gift from Trog
  3968 | D        | Killed a merfolk javelineer
  3981 | D        | Reached skill level 10 in Shields
  4060 | D        | Noticed a spark wasp
  4060 | D        | Noticed an entropy weaver
  4068 | D        | Killed a spark wasp
  4068 | D        | Received a gift from Trog
  4076 | D        | Killed an entropy weaver
  4076 | D        | Noticed an entropy weaver
  4198 | D        | Killed a ghost moth
  4204 | D        | Killed an entropy weaver
  4204 | D        | Received a gift from Trog
  4302 | D        | Noticed a thorn hunter
  4302 | D        | Noticed an eleionoma
  4302 | D        | Noticed a fenstrider witch
  4310 | D        | Gained mutation: Your large and strong wings let you fly.
                  | [Gargoyle growth]
  4310 | D        | Reached XP level 14. HP: 110/110 MP: 14/14
  4313 | D        | Noticed an eleionoma
  4319 | D        | Killed a thorn hunter
  4341 | D        | Killed an eleionoma
  4356 | D        | Killed an eleionoma
  4356 | D        | Received a gift from Trog
  4369 | D        | Paralysed by a fenstrider witch for 5 turns
  4375 | D        | Killed a fenstrider witch
  4380 | D        | Reached skill level 15 in Shields
  4460 | D        | Received a gift from Trog
  4461 | D        | Noticed Azrael
  4475 | D        | Killed Azrael
  4498 | D        | Noticed Nergalle
  4506 | D        | Killed Nergalle
  4546 | D        | Noticed a frost giant
  4547 | D        | Noticed a red very ugly thing
  4553 | D        | Killed a frost giant
  4553 | D        | Received a gift from Trog
  4555 | D        | Noticed a lich
  4567 | D        | Noticed a shadow dragon
  4577 | D        | Killed a red very ugly thing
  4597 | D        | Killed a lich
  4597 | D        | Identified the +10 morningstar "Relepsupt" {vorpal, rF+
                  | Will+ SInv} (Trog gifted it to you in the Dungeon)
  4597 | D        | Received a gift from Trog
  4598 | D        | Reached skill level 23 in Maces & Flails
  4610 | D        | Killed a shadow dragon
  4695 | D        | Received a gift from Trog
  4826 | D        | Noticed a stone giant
  4837 | D        | Killed a stone giant
  4838 | D        | Reached skill level 15 in Armour
  4858 | D        | Noticed an ironbound preserver
  4858 | D        | Noticed an entropy weaver
  4864 | D        | Killed an ironbound preserver
  4869 | D        | Received a gift from Trog
  4870 | D        | Noticed a dire elephant
  4873 | D        | Noticed a dire elephant
  4882 | D        | Killed an entropy weaver
  4891 | D        | Received a gift from Trog
  4892 | D        | Reached XP level 15. HP: 118/118 MP: 15/15
  4907 | D        | Killed from afar by an ironbound thunderhulk

Illustrated notes

Levels and vault maps discovered:
D:        linesprint [early_d, line_temple, items_1, d_10, items_2, lair_1,
          lair_end, items_3, orc_1, orc_end, items_4, d_15, swamp_1, shoals_1,
          snake_1, spider_1, d_20, vaults_1, items_5, swamp_end, shoals_end,
          snake_end, spider_end, vaults_end, d_27, items_6, zot_1, zot_end,
          crypt_end, forest_end, elf_end, slime_end, tomb_end, abyss_end,
          pan_hell_end]

Skill      XL: |  1  2  3  4  5  6  7  8  9 10 11 12 13 14 |
---------------+-------------------------------------------+-----
Fighting       | 5 7 8 9 11 12 13 15 17 19 21 22 | 22.7
Maces & Flails | 5 7 8 10 12 13 15 17 20 21 22 23 | 23.3
Armour         | 3 4 5 6 7 8 10 11 13 14 15 | 15.1
Dodging        | 2 3 4 5 6 7 8 9 10 12 13 | 13.4
Evocations     | 1 3 |  3.3
Throwing       | 1 2 |  2.8
Stealth        | 1 2 |  2.8
Shields        | 3 13 20 | 20.3
Unarmed Combat | 3 |  3.7

Action                   |  1- 3 |  4- 6 |  7- 9 | 10-12 | 13-15 || total
-------------------------+-------+-------+-------+-------+-------++-------
Melee: Mace              |    15 |    21 |       |       |       ||    36
       Morningstar       |       |     6 |    31 |   174 |   359 ||   570
       Punch             |       |     1 |       |     1 |       ||     2
       Great mace        |       |       |     8 |   128 |       ||   136
       Unarmed           |       |       |       |       |    15 ||    15
Throw: Dart              |       |       |     1 |     2 |     1 ||     4
       Javelin           |       |       |       |       |     4 ||     4
Invok: Berserk           |     1 |     1 |     2 |     7 |     9 ||    20
       Brothers in Arms  |       |       |       |     3 |     4 ||     7
Evoke: Wand              |       |       |     5 |       |       ||     5
  Use: Potion            |       |     1 |     2 |     1 |     3 ||     7
       Scroll            |       |       |     1 |     8 |     4 ||    13
Armor: Animal skin       |     4 |     6 |       |       |       ||    10
       Ring mail         |       |     3 |    19 |   109 |   176 ||   307
Dodge: Dodged            |     8 |    12 |    22 |   125 |   133 ||   300
Block: Tower shield      |       |       |       |    26 |   330 ||   356

Table legend: (Time is in decaauts)
 A = Elapsed time spent in this place.
 B = Non-inter-level travel time spent in this place.
 C = Inter-level travel time spent in this place.
 D = Time resting spent in this place.
 E = Time spent auto-exploring this place.
 F = Levels seen in this place.
 G = Mean time per level.
                   A        B        C        D        E       F      G
               +--------+--------+--------+--------+--------+-----+--------+
         Total |   5060 |   5060 |      0 |   2725 |    198 |   1 | 5060.0 |
       Dungeon |   5060 |   5060 |      0 |   2725 |    198 |   1 | 5060.0 |
               +--------+--------+--------+--------+--------+-----+--------+

Top non-repeatable levels by time:
       D: 5060 daAuts
